[Event "SixDays Budapest March IM 2023"]
[Site "Budapest"]
[Date "2023.03.26"]
[Round "4.4"]
[White "Balogh, Peter"]
[Black "Neszmenyi, Zoltan"]
[Result "1/2-1/2"]
[ECO "C45"]
[WhiteElo "2264"]
[BlackElo "1885"]
[Annotator "TA"]
[PlyCount "45"]
[EventDate "2023.03.24"]
[EventType "tourn"]
[EventCountry "HUN"]
[SourceTitle "playchess.com"]
[Source "ChessBase"]
[SourceQuality "1"]
[TimeControl "5400+30"]

1. e4 e5 2. Nf3 Nc6 3. d4 exd4 4. Nxd4 Bc5 5. Nb3 Bb6 6. Qe2 Qf6 7. Nc3 Nge7 8. Be3 O-O {[%emt 0:03:22] 8...d6 gains popularity.} 9. O-O-O {[%emt 0:00:12] C45: Scotch Game.} Re8 10. Kb1 Bxe3 11. Qxe3 {[%emt 0:00:15] White is better.} a6 {[%emt 0:03:39] Wards off Nb5} 12. f4 d6 {[%emt 0:00:45] [#]} 13. Be2 $146 ({Predecessor:} 13. Bd3 b5 14. Qf3 Be6 15. g4 Bxb3 16. axb3 Nd4 17. Qg3 c5 18. h4 b4 19. g5 {1-0 Kokoszczynski,J (2277)-Klyashtorny,V (2403) Titled Tuesday intern op 26th Oct blitz 2021 (7)}) 13... b5 14. Qd2 Rb8 15. g4 {[%emt 0:04:16][%cal Bg2g4,Bg4g5][%mdl 32] Black must now prevent g5.} b4 16. Nd5 Nxd5 17. exd5 Ne7 18. g5 Qf5 19. Rhe1 Bb7 20. Bd3 ({Of course not} 20. Qxb4 Nxd5 21. Qa5 Qxf4 22. Rxd5 Bxd5 23. Qxd5 Qxh2 $15) 20... Qxd5 21. Qxb4 {[%emt 0:01:21][%cal Oe1e7] [#] Rxe7! is the strong threat.} Qg2 22. Qa5 {[%emt 0:14:44] White has more active pieces.} (22. Bxa6 $5 Bf3 23. Qd2 $14) 22... Nd5 23. Rg1 {[%emt 0:03:57] Weighted Error Value: White=0.12 (very precise) /Black=0.10 (very precise)} (23. Bc4 $14 {keeps the upper hand.} Rxe1 24. Rxe1) 1/2-1/2

[Event "SixDays Budapest March IM 2023"]
[Site "Budapest"]
[Date "2023.03.26"]
[Round "4.5"]
[White "To, Nhat Minh"]
[Black "Horvath, David"]
[Result "1/2-1/2"]
[ECO "D56"]
[WhiteElo "2342"]
[BlackElo "2380"]
[Annotator "TA"]
[PlyCount "39"]
[EventDate "2023.03.24"]
[EventType "tourn"]
[EventCountry "HUN"]
[SourceTitle "playchess.com"]
[Source "ChessBase"]
[SourceQuality "1"]
[TimeControl "5400+30"]

1. c4 {[%emt 0:00:32] Adhiban,Baskaran} e6 2. Nf3 Nf6 3. Nc3 d5 4. d4 Be7 5. Bg5 O-O 6. e3 h6 7. Bh4 Nbd7 8. Rc1 b6 9. cxd5 exd5 10. Bd3 Bb7 11. O-O c5 {[%emt 0:00:07] [#]} {Predecessor:} 12. Bf5 $146 {D58: Queen's Gambit Declined: Tartakower Defence.} c4 13. b3 g6 14. Bb1 Rc8 15. bxc4 Rxc4 16. Bd3 Rc8 17. Qb3 a6 18. a4 Bd6 19. Rc2 Re8 20. Rfc1 {1-0 Adhiban,B (2659)-Jumabayev,R (2654) Asia Nations online Cup final rapid 2020 (3.1)} 1/2-1/2

[Event "SixDays Budapest March IM 2023"]
[Site "Budapest"]
[Date "2023.03.27"]
[Round "5.1"]
[White "Horvath, David"]
[Black "Pham, Tran Gia Phuc"]
[Result "1/2-1/2"]
[ECO "E10"]
[WhiteElo "2380"]
[BlackElo "2238"]
[Annotator "TA"]
[PlyCount "119"]
[EventDate "2023.03.24"]
[EventType "tourn"]
[EventCountry "HUN"]
[SourceTitle "playchess.com"]
[Source "ChessBase"]
[SourceQuality "1"]
[TimeControl "5400+30"]

1. d4 Nf6 2. c4 e6 3. Nf3 c5 4. e3 d5 5. Nc3 Nc6 6. a3 a6 7. dxc5 Bxc5 8. b4 Bd6 9. cxd5 exd5 10. Bb2 O-O 11. Be2 h6 {[%emt 0:01:48] D40: Queen's Gambit Declined: Semi-Tarrasch with 5 e3.} 12. O-O Be6 13. Rc1 {[%emt 0:01:18] [#]} Qe7 $146 {[%emt 0:04:57] White has an edge.} ({Predecessor:} 13... Ne4 14. Nxe4 dxe4 15. Nd2 f5 16. Nc4 Be7 17. Qxd8 Raxd8 18. Rfd1 Rxd1+ 19. Rxd1 {½-½ Wallner,D (2082)-Detter,P (2004) AUT-ch Graz 2017 (6)}) 14. Qc2 Rad8 15. Na4 a5 16. b5 Nb8 17. Ra1 Nbd7 18. Bc3 Ne4 19. Bxa5 Rc8 20. Qd1 Bxa3 21. Nd4 Ra8 22. Be1 Rfc8 (22... Bd6 $11) 23. Bf3 (23. f3 $14 Nef6 24. f4) 23... Bd6 $11 24. Nc3 Ndf6 (24... Qh4 25. g3 Nxc3 26. Rxa8 (26. gxh4 Nxd1 27. Rxd1 Nf6 $17) 26... Rxa8 27. Bxc3 $16) 25. Nxe6 Qxe6 26. Rxa8 Rxa8 27. g3 Be5 (27... Ra3 $11 {keeps the balance.} 28. Ne2 Be5) 28. Qb3 (28. Nxd5 $1 $16 Rb8 29. Nxf6+ Bxf6 30. Qd3) 28... Qf5 29. Nxe4 Qxf3 (29... dxe4 {feels hotter.} 30. Be2 Qh3 31. Bb4 h5) 30. Nxf6+ Bxf6 ({Don't play} 30... gxf6 31. Bc3 $11) 31. Qb4 Qe2 (31... h5 $15) 32. Bc3 Bxc3 33. Qxc3 Qxb5 {[%emt 0:00:12][%mdl 4096] Endgame KQR-KQR} 34. Rc1 Rd8 35. Qe5 Qe8 36. Qxe8+ Rxe8 {[%emt 0:00:06] KR-KR} 37. Rc7 Rb8 38. Rd7 b5 {[%emt 0:00:04][%cal Bb7b5,Bb5b4,Bb4b3,Bb3b2][%mdl 32] And now ...b4 would win.} 39. Rxd5 Kf8 40. Kf1 b4 41. Ke2 b3 42. Rd1 Ke7 (42... b2 $5 43. Rb1 $8 g5 $14) 43. Rb1 b2 44. Kd3 Kd6 45. Kc3 Kd5 {[%emt 0:00:07] [#] Hoping for ...Ke4.} 46. f3 (46. Rxb2 $2 {is the wrong capture.} Rxb2 47. Kxb2 Ke4 $19) 46... g5 47. h3 h5 (47... f5 $11) 48. Rxb2 $14 Rc8+ 49. Kd3 {[%emt 0:00:04] aiming for Rb5+.} Ke5 50. Rb5+ Kf6 51. f4 gxf4 52. gxf4 Kg6 53. Rg5+ Kh6 54. Ke4 Rc3 (54... Re8+ $1 $14 55. Kd4 Rd8+ 56. Rd5 Rg8) 55. h4 $18 Rc1 (55... Ra3 {was called for.} 56. Kd4 Ra2) 56. Kf5 {[%emt 0:01:28] Strongly threatening Kf6.} Re1 {[%emt 0:02:58] [#]} 57. e4 (57. Rg3 $1 $18) 57... Rh1 $11 {[%emt 0:00:04] The position is equal.} 58. Kf6 Rxh4 59. f5 ({Reject} 59. Kxf7 Rxf4+ 60. Rf5 Rxe4 $17) 59... Rg4 60. Rxg4 {[%emt 0:00:46] Weighted Error Value: White=0.18 (very precise) /Black=0.16 (very precise)} 1/2-1/2

[Event "SixDays Budapest March IM 2023"]
[Site "Budapest"]
[Date "2023.03.27"]
[Round "5.2"]
[White "Neszmenyi, Zoltan"]
[Black "To, Nhat Minh"]
[Result "0-1"]
[ECO "D37"]
[WhiteElo "1885"]
[BlackElo "2342"]
[Annotator "TA"]
[PlyCount "92"]
[EventDate "2023.03.24"]
[EventType "tourn"]
[EventCountry "HUN"]
[SourceTitle "playchess.com"]
[Source "ChessBase"]
[SourceQuality "1"]
[TimeControl "5400+30"]

1. Nf3 d5 2. d4 Nf6 3. c4 e6 4. Nc3 Nbd7 5. Bf4 dxc4 6. e3 Nb6 {[%emt 0:00:10] [#] 6...Bd6 is the modern continuation.} 7. Bxc4 $1 {[%emt 0:04:35][%mdl 64] Decoy. D37: Queen's Gambit Declined: 5 Bf4.} Nxc4 (7... Bd6 8. Ne5) 8. Qa4+ c6 9. Qxc4 {[%emt 0:00:11] The position is equal.} Nd5 10. Bg3 Qb6 {[%emt 0:00:06] [#]} 11. Nxd5 $146 (11. O-O $11) ({Predecessor:} 11. Qe2 Bb4 12. O-O Nxc3 13. bxc3 Bxc3 14. Rab1 Qd8 15. Rb3 Ba5 16. e4 Bc7 17. Bh4 {1-0 Grischuk,A (2766)-Vitiugov,N (2727) Riga FIDE GP 2019 (1.3)}) 11... cxd5 12. Qb3 Qa6 13. a3 Be7 14. Ne5 Bd7 15. Nxd7 Kxd7 16. Rc1 Rhc8 {[%emt 0:01:04] Repels Rc7+} 17. Kd2 h5 {[%emt 0:01:34] Really sharp!} 18. h3 g6 19. Qd3 b5 20. Rxc8 Rxc8 21. Rc1 Rc4 22. Rxc4 bxc4 $15 {[%emt 0:00:12][%mdl 4096] Endgame KQB-KQB} 23. Qc3 Qb5 24. f3 a5 25. Be1 a4 26. Kc1 f6 27. Qa5 Qxa5 28. Bxa5 {[%emt 0:00:07] KB-KB} e5 29. Kc2 exd4 30. exd4 h4 31. Kc3 Bd6 32. Bb4 Bg3 {[%emt 0:00:05] And now ...Be1+ would win.} 33. Kd2 {[%emt 0:02:34] Prevents Be1+.} Ke6 34. Ke2 Kf5 35. Bd2 $2 {[%emt 0:03:33][%mdl 8192] [#] This costs White the game.} (35. Ba5 $17) 35... Bf4 $1 $19 {[%emt 0:00:59] White must now prevent ...Bxd2. Black is clearly winning.} 36. Be1 Bc1 37. Bc3 (37. Bxh4 $142 Bxb2 38. Bf2) 37... Kf4 38. Kf2 g5 39. Ke2 Kg3 40. Kf1 Kh2 41. Kf2 Kh1 42. Kf1 Be3 43. Ke2 Bg1 44. Kf1 Kh2 {[%emt 0:00:10] Strongly threatening ...f5.} 45. Bb4 Bxd4 46. Bd6+ Be5 {[%emt 0:00:36] Weighted Error Value: White=0.63/Black=0.02 (flawless)} 0-1

[Event "SixDays Budapest March IM 2023"]
[Site "Budapest"]
[Date "2023.03.27"]
[Round "5.3"]
[White "Szeberenyi, Adam"]
[Black "Balogh, Peter"]
[Result "1-0"]
[ECO "A65"]
[WhiteElo "2338"]
[BlackElo "2264"]
[Annotator "TA"]
[PlyCount "51"]
[EventDate "2023.03.24"]
[EventType "tourn"]
[EventCountry "HUN"]
[SourceTitle "playchess.com"]
[Source "ChessBase"]
[SourceQuality "1"]
[TimeControl "5400+30"]

1. d4 Nf6 2. c4 c5 3. d5 e6 4. Nc3 exd5 5. cxd5 d6 6. e4 g6 7. h3 Bg7 8. Bd3 O-O 9. Nf3 b5 10. Bxb5 Nxe4 11. Nxe4 Qa5+ 12. Nfd2 Qxb5 13. Nxd6 Qa6 14. N2c4 Nd7 15. O-O Ne5 16. Nxc8 {[%emt 0:00:48] A70: Modern Benoni: 6 e4 g6 7 Nf3.} Raxc8 17. Nxe5 Bxe5 18. Re1 {[%emt 0:03:04] The position is equal. 18.Qf3 is the hot move.} Qf6 19. Bh6 Rfe8 (19... Bd4 $14 20. Re2 Rfe8 21. Rxe8+ Rxe8) 20. Qg4 ({White should try} 20. Qa4 $16) 20... Bxb2 $11 {[%emt 0:05:00] [#]} 21. Rxe8+ $146 ({Predecessor:} 21. Rad1 Bd4 22. Kh1 Qxf2 23. Rf1 f5 24. Qg5 Qe2 25. Qg3 Qe5 26. Qb3 Rb8 27. Qc4 {0-1 Li,W (2422)-Zhang,Z (2209) Jinan Torch Cup 2005 (2)}) 21... Rxe8 22. Qa4 $40 {[%emt 0:02:30][%csl LRa7,LRe8][%cal Ra4e8][%mdl 128] [#] White is up to no good.} Re2 (22... Qe5 $11 {keeps the balance.} 23. Rb1 Bd4) 23. Rf1 $16 {[%emt 0:03:50] And now Qb5 would win.} Qe7 $2 (23... Re7 $16 {keeps fighting.}) 24. Qb5 (24. Qc6 $18 {and White stays clearly on top.} Qe8 25. Qxc5) 24... Bg7 $2 {[%emt 0:12:53][%mdl 8192] [#]} (24... Be5 $16 {is tougher.}) 25. d6 $1 $18 Qe6 (25... Qe5 26. d7) 26. d7 {[%emt 0:01:02] Weighted Error Value: White=0.22 (precise) /Black=0.95} 1-0

[Event "SixDays Budapest March IM 2023"]
[Site "Budapest"]
[Date "2023.03.27"]
[Round "5.4"]
[White "Udvardi, Zalan"]
[Black "Halak, Miklos"]
[Result "1-0"]
[ECO "B13"]
[WhiteElo "2260"]
[BlackElo "2257"]
[Annotator "TA"]
[PlyCount "113"]
[EventDate "2023.03.24"]
[EventType "tourn"]
[EventCountry "HUN"]
[SourceTitle "playchess.com"]
[Source "ChessBase"]
[SourceQuality "1"]
[TimeControl "5400+30"]

1. e4 c6 2. d4 d5 3. exd5 cxd5 4. Bd3 Nc6 5. c3 Nf6 6. Bf4 Bg4 7. Qb3 Qd7 8. Nd2 e6 9. Ngf3 Bd6 10. Bg3 Bxf3 11. Nxf3 O-O 12. O-O Bxg3 {[%emt 0:00:42] B13: Caro-Kann: Exchange Variation and Panov-Botvinnik Attack.} 13. hxg3 Qc7 14. Rae1 Rab8 {[%emt 0:04:49] The position is equal.} 15. Ne5 {[%emt 0:09:49] [#]} Nxe5 $146 ({Predecessor:} 15... b5 16. f4 b4 17. Qc2 bxc3 18. bxc3 Rfc8 19. Qd2 Qa5 20. Rf2 Rc7 21. Re3 Rbc8 {0-1 Gazis,E (2141)-Zhuravlev,A (2359) Titled Tuesday intern op 23rd Nov blitz 2021 (8)}) 16. Rxe5 {[%emt 0:00:42] [#]} b5 $1 17. a3 (17. Bxb5 $2 a6 18. Rc1 Ne4 $19) 17... a5 18. Bxb5 Ne4 {[%emt 0:00:24] ...Nd2 would be deadly.} 19. Re1 Qb6 (19... Nd6 $15 20. a4 Rb7) 20. R1xe4 $14 (20. a4 Nd6 $11) 20... dxe4 21. a4 Rfd8 22. Rxe4 Rd5 23. Qd1 Rbd8 24. Qe2 Qc7 (24... h5 $14) 25. Bc4 Rf5 26. d5 e5 (26... Kh8 $16 {was called for.}) 27. g4 $18 Rg5 28. Qe3 h6 29. b4 $1 axb4 (29... Kf8 {might work better.} 30. Qc5+ Qe7 31. Qxa5 h5 32. gxh5 Rxh5) 30. cxb4 Qd7 {[%emt 0:00:23] Black is weak on the light squares} 31. b5 {[%emt 0:03:50] And now a5 would win.} (31. Rxe5 Qxa4 32. Rxg5 hxg5 33. Qxg5 Rc8 $17) 31... Ra8 32. Bb3 (32. Rxe5 Rxa4 33. Re8+ Kh7 $11) 32... Rxg4 33. Rxe5 Rb4 34. Bc2 Rf8 35. Qc5 {[%emt 0:01:56] Repels Qd6} (35. Qd3 $18 {[%csl Gc2][%cal Rd3h7] has better winning chances.} g6 36. d6) 35... Qg4 $16 36. Re1 {[%emt 0:02:14] White is more active.} ({But not} 36. Bh7+ $2 Kxh7 37. Re1 (37. Qxf8 $2 {leads to mate.} Rb1+) 37... Rc8 $19) ({Better is} 36. Qc3 $1 $16) 36... g6 $14 37. Qe7 (37. Bd1 $1 $14 Qf4 38. Qc3) 37... Rb2 $1 $11 38. Qe4 {[%emt 0:04:12] The board is on fire.} Qc8 39. Bd1 Qc5 {[%emt 0:00:23] Against Qd4} 40. Qe3 Qxd5 41. Bf3 $36 {[%emt 0:00:33][%mdl 2048] White has some pressure.} Qa2 42. Qd4 {[%emt 0:01:09] Black must now prevent b6.} Qa3 $2 {[%emt 0:00:49] Black is now going downhill.} (42... Rd2 $1 $11 {and Black stays safe.} 43. Ra1 Qc2) 43. Bd5 $18 Qb4 {[%emt 0:00:57] [#]} 44. Qxb4 Rxb4 {[%emt 0:00:04][%mdl 4096] Endgame [#] KRR-KRB} 45. Ra1 Rd8 46. Bc6 {[%emt 0:00:07] Hoping for a5.} Rdd4 $2 (46... Rb8 47. a5 R8xb5) 47. a5 Ra4 48. Rxa4 Rxa4 {[%emt 0:00:04] KR-KB} 49. a6 {[%emt 0:00:08] Threatening mate with Bb7.} Kf8 50. Bb7 Ke7 51. b6 {[%emt 0:00:30] White wants to mate with a7.} Kd6 52. a7 {[%emt 0:00:11] White mates.} Kc5 53. a8=Q ({Worse is} 53. a8=B Kxb6 54. g3 h5 $11) 53... Rxa8 54. Bxa8 Kxb6 55. Bd5 f6 56. Bf7 g5 57. g4 {[%emt 0:00:08] Weighted Error Value: White=0.17 (very precise) /Black=0.45} 1-0

[Event "SixDays Budapest March IM 2023"]
[Site "Budapest"]
[Date "2023.03.27"]
[Round "5.5"]
[White "Ulasevich, Sergei"]
[Black "Gandhi, Anish"]
[Result "0-1"]
[ECO "B53"]
[WhiteElo "2236"]
[BlackElo "2187"]
[Annotator "TA"]
[PlyCount "96"]
[EventDate "2023.03.24"]
[EventType "tourn"]
[EventCountry "HUN"]
[SourceTitle "playchess.com"]
[Source "ChessBase"]
[SourceQuality "1"]
[TimeControl "5400+30"]

1. e4 c5 2. Nf3 d6 3. d4 cxd4 4. Qxd4 Nc6 5. Bb5 Bd7 6. Bxc6 bxc6 7. c4 c5 8. Qd3 g6 {[%emt 0:01:09] B53: Sicilian: 2...d6: Lines with Qxd4.} 9. Bd2 Bg7 10. Bc3 Nf6 {[%emt 0:00:10] The position is equal.} 11. O-O {[%emt 0:00:07] [#]} O-O $146 ({Predecessor:} 11... Rb8 12. Re1 Qc7 13. e5 Bf5 14. Qd1 dxe5 15. Bxe5 Qb6 16. Bxb8 Qxb8 17. Qb3 Qc7 {1-0 Moenius,A (1731)-Bauschke,N (1655) Oberfranken-ch 2015 (1)}) 12. Na3 Bc6 13. Rfe1 Qd7 14. e5 Nh5 {[%emt 0:02:02] Strongly threatening ...Nf4.} 15. Qe3 {[%emt 0:08:51] Dodges Nf4} Qf5 16. exd6 {[%emt 0:02:47] [#] Bxg7 would be deadly.} exd6 (16... Bxc3 {simplifies} 17. Qxc3 exd6 18. Qc2 Qf6) 17. Qg5 Qxg5 ({Of course not} 17... Bxf3 18. Qxf5 gxf5 19. gxf3 $11) 18. Nxg5 Bxc3 19. bxc3 Nf4 (19... h6 $15 20. Nh3 Rab8) 20. g3 $1 $11 Nd3 21. Red1 Ne5 22. f4 Nf3+ 23. Nxf3 Bxf3 24. Rxd6 Rfe8 {[%emt 0:00:04] Black wants to play ...Re2.} 25. Kf2 Bg4 $36 {[%emt 0:00:06][%mdl 2048] And now ...Re2+ would win. White is under pressure.} 26. Rd2 {[%emt 0:00:41] Prevents Re2+} Rad8 $1 27. Rxd8 Rxd8 $15 {[%emt 0:00:06][%mdl 4096] Endgame KRB-KRN} 28. Ke3 {[%emt 0:00:59] Inhibits Rd2.} Re8+ {[%emt 0:03:30][%mdl 1024] Black has strong compensation.} 29. Kd3 Bf5+ (29... Re6 $17) 30. Kd2 Rd8+ 31. Ke2 a6 32. Re1 h5 (32... Kg7 $15) 33. Kf2 $1 $11 Kg7 34. Re2 Rd1 (34... Bg4 $5 35. Rc2 Rd1 $15) 35. Re1 $1 Rxe1 36. Kxe1 {[%emt 0:00:01] KB-KN} Kf6 37. Kd2 g5 {[%emt 0:00:42] aiming for ...gxf4.} 38. Ke3 Kg6 39. Kf3 gxf4 40. Kxf4 Kf6 41. h3 Bd3 42. Ke3 Bg6 43. Kf4 $1 Bf5 44. Nb5 $2 {[%emt 0:01:26][%mdl 8192] [#]} axb5 45. cxb5 Bxh3 46. b6 Bg2 {[%emt 0:01:58] Black mates.} 47. a4 Bb7 48. a5 c4 {[%emt 0:00:38] Weighted Error Value: White=0.43/Black=0.08 (flawless)} 0-1

[Event "SixDays Budapest March IM 2023"]
[Site "Budapest"]
[Date "2023.03.27"]
[Round "6.1"]
[White "Pham, Tran Gia Phuc"]
[Black "Gandhi, Anish"]
[Result "1-0"]
[ECO "D02"]
[WhiteElo "2238"]
[BlackElo "2187"]
[Annotator "TA"]
[PlyCount "125"]
[EventDate "2023.03.24"]
[EventType "tourn"]
[EventCountry "HUN"]
[SourceTitle "playchess.com"]
[Source "ChessBase"]
[SourceQuality "1"]
[TimeControl "5400+30"]

1. d4 Nf6 2. Nf3 d5 3. Bf4 c5 4. e3 Nc6 5. Nbd2 e6 6. c3 Nh5 7. Bg5 {[%emt 0:00:04] D02: 1 d4 d5 2 Nf3 sidelines, including 2...Nf6 3 g3 and 2...Nf6 3 Bf4.} f6 8. Bh4 g6 9. Bd3 {[%emt 0:01:38][%cal Of3e5] The position is equal. 9.Bd3 scores better than 9.Be2.} cxd4 10. cxd4 Bd6 {[%emt 0:00:11] Prevents Ne5.} 11. O-O O-O 12. Rc1 Bd7 {[%emt 0:00:22] [#]} 13. e4 $146 (13. g4 $11 {might be stronger.} g5 14. gxh5 gxh4 15. Kh1) ({Predecessor:} 13. a3 Rc8 14. Rc3 Qb6 15. Qb1 Ne7 16. Rxc8 Bxc8 17. Rc1 Nf5 18. Bg3 Nhxg3 19. hxg3 Bd7 20. Rc3 Rc8 21. Rb3 Qc7 22. Rc3 Qb6 23. Rb3 Qc7 24. Rc3 {½-½ Svane,R (2637)-Sarana,A (2685) Bundesliga 2122 2022 (3.6)}) 13... Nf4 14. Bb1 g5 {[%emt 0:03:05] Dodges g3} (14... Qb6 $5 ) 15. Bg3 g4 {[%emt 0:11:40] [#]} 16. e5 gxf3 $15 17. exd6 Ne2+ (17... Nxg2 $2 18. Nxf3 Qe8 19. Kxg2 $18) 18. Kh1 fxg2+ (18... Nexd4 19. Nxf3 Nxf3 20. Qxf3 $14) (18... Nxc1 $15 19. Qxf3 f5) 19. Kxg2 $11 Nxc1 {[%emt 0:00:03] Excellent horsemanship.} 20. Qh5 {[%emt 0:03:36] [#] Prevents Rf7} (20. Bxh7+ $1 $11 {and White has nothing to worry.} Kxh7 21. Qh5+ Kg8 22. Qg4+ Kf7 23. Qh5+ Kg8 24. Qg4+ Kh8 25. Qh5+ Kg8) 20... Rf7 $1 21. Rxc1 e5 {[%emt 0:02:58] Prevents Bf4.} (21... Nxd4 22. Qg4+ Kh8 23. Qxd4 $16) (21... Qf8 $19 {Threatens to win with ...Rg7.} 22. Kh1 Rg7) 22. Kh1 {[%emt 0:02:30] [#]} (22. dxe5 $17 {is a better defense.} fxe5 23. Rxc6 {[%mdl 64] Remove Defender} Bxc6 24. Bxe5) 22... Rg7 $1 $19 (22... exd4 23. Rg1 Rg7 24. Bh4 (24. Qxd5+ Kh8 $17) 24... Rxg1+ 25. Kxg1 $18) 23. Bh4 Be8 (23... Nxd4 24. Rg1 Rxg1+ 25. Kxg1 $14) 24. Qf5 Nxd4 (24... exd4 25. Bxf6 (25. Qxf6 $2 Qxf6 26. Bxf6 Rd7 $19) 25... Qd7 26. Qxd5+ Qf7 27. Qf3 $16) (24... Qxd6 $19 {is more deadly. Strongly threatening ...e4.} 25. Qxf6 Qb4) 25. Qxf6 $17 {[%emt 0:00:27] [#]} Rc8 26. Re1 Qd7 27. Bg3 $1 {[%emt 0:07:13] Really sharp!} (27. Qxe5 Qg4 28. Bg3 (28. Qxd5+ $2 Kh8 $19) 28... Bc6 $17) 27... Qg4 28. f3 Qg5 29. Qxg5 Rxg5 30. Bxe5 Nc6 31. f4 Rh5 32. Rg1+ Kf8 33. Bf6 (33. Nf3 $5 ) 33... Bg6 34. d7 Rb8 35. Bxg6 hxg6 36. Rc1 (36. Rxg6 Kf7 37. Rg5 Rh7 $17) 36... Rf5 37. Rxc6 bxc6 38. d8=Q+ Rxd8 39. Bxd8 Rxf4 40. Bg5 Rf5 {[%emt 0:00:40][%mdl 1024] Black has compensation.} (40... Ra4 $5 ) 41. Be3 Re5 42. Nf1 a6 43. Kg2 Kf7 44. Kf3 Rh5 45. Kg4 Ke6 46. Bd4 Kd6 (46... Rh7 $11) 47. b4 $16 a5 48. a3 ({Much worse is} 48. bxa5 c5 49. Be3 Kc6 $15) (48. Bc5+ Ke6 49. a3 (49. bxa5 d4 $14) 49... axb4 50. axb4 Ke5 $11) 48... axb4 49. axb4 Ke6 50. h4 {[%emt 0:00:07] White is more active.} Rh7 51. Nd2 (51. Ng3 $16) 51... Rb7 $11 52. Bc5 {[%emt 0:00:06] Black must now prevent Nf3.} Kf7 $2 (52... d4 $1 $11 {and Black is okay.}) 53. Kf4 $18 Rb8 54. Ke5 Rd8 $2 (54... d4 $16 55. Nf3 (55. Kxd4 Rd8+ 56. Ke3 Ke6 $16) (55. Bxd4 Rxb4 56. Nf3 Kg7 $11) 55... d3) 55. Nf3 Re8+ $2 (55... d4 56. Nxd4 (56. Bxd4 Rd5+ 57. Ke4 Rh5 $18) 56... Rd5+ 57. Kf4 Rh5) 56. Kd6 Re6+ 57. Kd7 {[%emt 0:00:07] And now Ng5+ would win.} Rf6 58. Ne5+ Kg8 59. Nxc6 Rf4 60. b5 d4 61. b6 d3 62. b7 Rf7+ 63. Ne7+ {[%emt 0:00:04] White used his chance. An entertaining game by Pham.   Weighted Error Value: White=0.17 (very precise) /Black=0.42} 1-0

[Event "SixDays Budapest March IM 2023"]
[Site "Budapest"]
[Date "2023.03.27"]
[Round "6.2"]
[White "Halak, Miklos"]
[Black "Ulasevich, Sergei"]
[Result "1/2-1/2"]
[ECO "A45"]
[WhiteElo "2257"]
[BlackElo "2236"]
[Annotator "TA"]
[PlyCount "99"]
[EventDate "2023.03.24"]
[EventType "tourn"]
[EventCountry "HUN"]
[SourceTitle "playchess.com"]
[Source "ChessBase"]
[SourceQuality "1"]
[TimeControl "5400+30"]

1. d4 Nf6 2. Nc3 d5 3. Bf4 c5 4. e4 a6 {[%emt 0:15:03] [#]} 5. dxc5 $146 ({Predecessor:} 5. e5 cxd4 6. Qxd4 Nc6 7. Qd3 Qc7 8. Nf3 e6 9. h3 Nd7 10. O-O-O Nc5 11. Qe3 Qa5 {1-0 Liyanage,R (2331)-Czerw,D (2373) Speed Chess Q1 blitz 2022 (7)}) 5... d4 $1 6. Na4 {[%emt 0:02:16] [#] Threatens to win with Nb6. D00: 1 d4 d5: Unusual lines.} Qa5+ 7. c3 dxc3 8. Nxc3 Nxe4 9. Qa4+ ({Reject} 9. Bc7 Qxc7 10. Nxe4 Bf5 $17) 9... Qxa4 10. Nxa4 {[%emt 0:00:04] [#] aiming for Nb6.} Nd7 (10... e5 $11 {is more appropriate.} 11. Be3 Nc6) 11. Rc1 $14 e5 12. Be3 b5 13. cxb6 Bb4+ 14. Nc3 (14. Kd1 $16 {Rc4 would be deadly.} Ndf6 15. Rc4) 14... Nxc3 $11 15. bxc3 Ba5 16. Nf3 f6 17. Rb1 Rb8 18. Rb3 Bxb6 19. Bxb6 Nxb6 (19... Rxb6 {simplifies} 20. Rxb6 Nxb6 21. Bd3 Ke7) 20. Bc4 {[%emt 0:00:45] Dodges Be6} Ke7 21. O-O a5 22. Rfb1 Bf5 23. R1b2 Nd7 24. Nd2 Rhc8 25. Rxb8 Rxb8 26. Rxb8 Nxb8 {[%emt 0:00:01][%mdl 4096] Endgame KBN-KBN} 27. Nb3 Nc6 28. Bb5 Kd6 29. Kf1 Bb1 30. Bxc6 Kxc6 31. Nxa5+ {[%emt 0:00:16] KB-KN} Kb5 32. Nb7 Kc6 {[%emt 0:10:32] Against Nd6} 33. Na5+ $1 Kb6 34. Nc4+ Kc5 35. Ne3 Bxa2 36. Ke2 Bb1 37. h4 h5 38. g4 hxg4 39. Nxg4 Kd5 40. Ke3 f5 41. c4+ $1 Kd6 (41... Ke6 $5 42. Nh2 f4+ 43. Kd2 Be4 $15) 42. Nh2 {[%emt 0:00:55] The position is equal.} Kc5 43. f4 exf4+ (43... e4 $5 44. Nf1 $8 Bd3 $11) 44. Kxf4 Kxc4 45. Nf1 {[%emt 0:01:12] Hoping for Nd2+.} Kd5 46. Ng3 Ke6 47. Kg5 Ke5 48. Nh5 Bd3 49. Nf4 Bb5 50. Nh5 {Weighted Error Value: White=0.09 (flawless) /Black=0.06 (flawless)} 1/2-1/2